 Seeded DCSS version 0.31-a0-960-g0fca184 (webtiles) character file.

Game seed: 5280907438426469560 (custom seed)

190116 PurpleRed the Severer (level 17, -4/151 HPs)
             Began as a Demonspawn Warper on Oct 22, 2023.
             Was the Champion of Okawaru.
             Slain by a wolf spider (25 damage)
             ... on level 4 of the Spider Nest on Oct 23, 2023.
             The game lasted 02:09:59 (27301 turns).

PurpleRed the Severer (Demonspawn Warper)          Turns: 27301, Time: 02:10:00

Health: -4/151     AC: 38    Str: 23    XL:     17   Next: 97%
Magic:  24/24      EV: 17    Int: 15    God:    Okawaru [******]
Gold:   2399       SH:  0    Dex: 11    Spells: 18/20 levels left

rFire   . . .        O - +3 battleaxe (flame)
rCold   . . .        (shield currently unavailable)
rNeg    . . .        s - +10 plate armour of Modesty {Rampage rPois Regen+ Dex-2}
rPois   +            Q - +2 helmet "Lanticot" {Harm rElec}
rElec   +            k - scarf {repulsion}
rCorr   .            (gloves unavailable)
SInv    .            H - +2 pair of boots
Will    +....        J - amulet of regeneration Stlth
                     P - +5 ring of evasion
HPRegen 12.05/turn   N - +6 ring of strength
MPRegen 0.19/turn

%: harm (+30% outgoing, +20% incoming), repel missiles, rampage
@: lethally poisoned (-4 -> -4), heroic, studying Dodging
A: molten scales 2, (demonic guardian 3), powered by death 3, demonic touch 3,
weak 1
a: Renounce Religion, Heroism, Finesse, Duel, Receive Weapon


You were on level 4 of the Spider Nest.
You worshipped Okawaru.
Okawaru was exalted by your worship.
You visited 5 branches of the dungeon, and saw 27 of its levels.
You visited 1 bazaar.
You also visited: Ice Cave.

You collected 3125 gold pieces.
You spent 726 gold pieces at shops.

Inventory:

Hand Weapons
 w - a +0 battleaxe of freezing
 O - a +3 battleaxe of flaming (weapon)
Missiles
 F - 3 curare-tipped darts
 Z - 15 silver javelins
Armour
 b - a +1 scale mail of fire resistance
 g - a +1 helmet
 k - a scarf of repulsion (worn)
 p - a +0 kite shield of positive energy
 q - a +2 tower shield of cold resistance
 s - the +10 plate armour of Modesty (worn) {Rampage rPois Regen+ Dex-2}
   (Okawaru gifted it to you on level 13 of the Dungeon)

   Dex-2:     It affects your dexterity (-2).
   rPois:     It protects you from poison Regen+: It increases your rate of
   health regeneration.
   Rampage:   It bestows one free step when moving towards enemies.
 H - a +2 pair of boots (worn)
 Q - the +2 helmet "Lanticot" (worn) {Harm rElec}
   (You bought it in a shop in a bazaar)

   rElec:     It insulates you from electricity.
   Harm:      It increases damage dealt and taken.
 V - the +4 chain mail of Purpose {rF+++ Str+2 Int+3 Dex-5}
   (You bought it in a shop in a bazaar)

   Str+2:     It affects your strength (+2).
   Int+3:     It affects your intelligence (+3).
   Dex-5:     It affects your dexterity (-5).
   rF+++:     It renders you almost immune to fire.
 Y - +0 ice dragon scales
Jewellery
 c - a ring of resist corrosion
 u - a ring of see invisible
 D - the ring of Femash {Fire Drain rN+++ rCorr Str-3}
   (You found it in an ice cave)

   [ring of fire]

   Fire:      It enhances your fire magic.
   Str-3:     It affects your strength (-3).
   rF+:       It protects you from fire.
   rC-:       It makes you vulnerable to cold.
   rN+++:     It renders you almost immune to negative energy.
   rCorr:     It protects you from acid and corrosion.
   Drain:     It drains your maximum health when unequipped.
 I - a ring of protection from cold
 J - an amulet of regeneration (around neck)
 N - a +6 ring of strength (right hand)
 P - a +5 ring of evasion (left hand)
 R - a ring of willpower
Wands
 h - a wand of quicksilver (12)
 v - a wand of iceblast (24)
 y - a wand of digging (6)
Scrolls
 f - 8 scrolls of teleportation
 j - 2 scrolls of enchant weapon
 n - 4 scrolls of poison
 o - 2 scrolls of fear
 B - 2 scrolls of fog
 C - 7 scrolls of enchant armour
 E - a scroll of butterflies
 K - 5 scrolls of identify
 M - 3 scrolls of blinking
 S - 3 scrolls of immolation
 T - a scroll of silence
Potions
 d - a potion of berserk rage
 e - 4 potions of might
 i - 4 potions of mutation
 m - 3 potions of enlightenment
 r - 5 potions of lignification
 t - 5 potions of curing
 x - a potion of haste
 z - a potion of resistance
 A - 5 potions of attraction
 G - 2 potions of invisibility
 L - 5 potions of ambrosia
 W - 3 potions of heal wounds
 X - a potion of cancellation
Miscellaneous
 a - a lightning rod (4/4)
 l - a phial of floods
 U - a tin of tremorstones (2/2)


   Skills:
 + Level 18.3(23.3) Fighting
 - Level 19.9(25.0) Axes
 - Level 1.7(18.2) Polearms
 - Level 0.8(5.8) Throwing
 + Level 12.5(17.5) Armour
 + Level 9.6(14.6) Dodging
 - Level 2.0 Spellcasting
 - Level 2.6 Translocations
 + Level 9.6 Invocations


You had 18 spell levels left.
You knew the following spells:

 Your Spells              Type           Power      Damage    Failure   Level
a - Blink                 Tloc           18%        N/A       61%         2

Your spell library contained the following spells:

 Spells                   Type           Power      Damage    Failure   Level
 Lesser Beckoning         Tloc           18%        N/A       61%         2
 Magic Dart               Conj           4%         1d3       83%         1
 Slow                     Hex            4%         N/A       83%         1
 Teleport Other           Tloc           9%         N/A       83%         3
 Cigotuvi's Dreadful Rot  Necr/Pois/Air  2%         N/A       93%         2
 Ensorcelled Hibernation  Hex/Ice        2%         N/A       93%         2
 Passwall                 Tmut/Erth      0%         N/A       93%         2
 Searing Ray              Conj           2%         2d4       93%         2
 Static Discharge         Conj/Air       2%         3-4/arc   93%         2
 Confusing Touch          Hex            1%         N/A       99%         3
 Mephitic Cloud           Conj/Pois/Air  1%         N/A       99%         3
 Ozocubu's Armour         Ice            1%         N/A       99%         3
 Sigil of Binding         Hex            1%         N/A       99%         3
 Swiftness                Air            1%         N/A       99%         3
 Vampiric Draining        Necr           1%         2d6       99%         3
 Manifold Assault         Tloc           9%         N/A       99%         4
 Passage of Golubria      Tloc           9%         N/A       99%         4
 Airstrike                Air            0%         2d(1-17)  100%        4
 Dispel Undead            Necr           1%         3d6       100%        4
 Fulminant Prism          Conj/Hex       0%         3d5       100%        4
 Vhi's Electric Charge    Tloc/Air       10%        N/A       100%        4
 Metabolic Englaciation   Hex/Ice        0%         N/A       100%        5
 Yara's Violent Unravell  Hex/Tmut       0%         3d3       100%        5
 Summon Small Mammal      Summ           Unusable   N/A       N/A         1
 Call Imp                 Summ           Unusable   N/A       N/A         2
 Call Canine Familiar     Summ           Unusable   N/A       N/A         3
 Summon Guardian Golem    Hex/Summ       Unusable   N/A       N/A         3
 Tukima's Dance           Hex            Unusable   N/A       N/A         3
 Summon Lightning Spire   Summ/Air       Unusable   N/A       N/A         4
 Death Channel            Necr           Unusable   N/A       N/A         6
 Simulacrum               Ice/Necr       Unusable   N/A       N/A         6

Dungeon Overview and Level Annotations

Branches:
Dungeon (15/15)            Temple (1/1) D:7            Lair (5/5) D:10
 Shoals (0/4) Lair:3       Spider (4/4) Lair:2        Slime (0/5) Lair:5
    Orc (2/2) D:11            Elf (0/3) Orc:2        Vaults (0/5) D:13
 Depths (0/4) D:15          IceCv (visited)

Altars:
Ashenzari
Cheibriados
Dithmenos
Fedhas
Gozag
Hepliaklqana
Kikubaaqudgha
Makhleb
Nemelex Xobeh
Okawaru
Qazlal
Ru
Sif Muna
Trog
Uskayaw
Vehumet
Wu Jian
Xom
Yredelemnul
Jiyva

Shops:
Orc:2 [[:[

Annotations:
D:10 2 runed translucent doors, edsrzf's ghost, journeyman BaHu
D:13 1 runed translucent door, Lernaean hydra
Lair:1 3 runed translucent doors, Taxman66's ghost, journeyman BaGl


Innate Abilities, Weirdness & Mutations

You are mostly covered in molten scales. (AC +3)
((A powerful demonic guardian rushes to your aid.))
You regenerate a lot of health from kills.
Your touch may irresistibly damage your foes and sap their willpower.
You are weak. (Str -2)


Message History

You feel very sick. The jumping spider pounces on you!
You are caught in a web!
The jumping spider bites you but does no damage.
The wolf spider closely misses you.
The wolf spider bites you but does no damage.
The moth of wrath goads the wolf spider on!
The wolf spider goes berserk!
The wolf spider hits you!! The wolf spider closely misses you.
The jumping spider pounces on you!!
The jumping spider bites you but does no damage.
The web tears apart.
You feel very sick. The wolf spider hits you!
The wolf spider bites you but does no damage.
The wolf spider hits you but does no damage.
The wolf spider completely misses you. The jumping spider pounces on you.
The jumping spider barely misses you.
The wolf spider hits you but does no damage.
The wolf spider bites you but does no damage.
The moth of wrath misses you.
The wolf spider hits you but does no damage.
The wolf spider bites you but does no damage.
The jumping spider pounces on you but does no damage.
The jumping spider closely misses you. The wolf spider hits you!!
* * * LOW HITPOINT WARNING * * *
The wolf spider bites you but does no damage.
The moth of wrath closely misses you.
Unknown command.
Unknown command.
You closely miss the moth of wrath.
The moth of wrath is lightly wounded.
You barely miss the jumping spider. You hit the wolf spider.
You burn the wolf spider. You hit the wolf spider. You burn the wolf spider.
You feel sick. The wolf spider closely misses you.
The wolf spider bites you but does no damage.
The jumping spider closely misses you.
The jumping spider completely misses you.
The wolf spider hits you!!
* * * LOW HITPOINT WARNING * * *
The wolf spider completely misses you. The wolf spider hits you!!
You die...

........## ... ....^^..^#
....s..## ~†########
.......^. ^.~.~.^..########
.^.......
~...........^^..#####^^...s.s
...†...†..#......^~^..##^..s.
.......†..................s..
.........^#....s†...^..^.....
.....^..........@y.........s.
^.########~....†ss.^....^....
.^†^....####..^.^.##.........
.).....## ###^^^##..##......
......## #####.... ^!....
......# .^.......... .....##
......^...... ....^#
.............. ^....#


You could see 2 wolf spiders, a moth of wrath and a jumping spider (berserk).

Vanquished Creatures
  Saint Roka (Orc:2)
  Mlioglotl (Spider:3)
  Frances (D:14)
  Donald (Spider:3)
  A frost giant (IceCv)
  3 emperor scorpions
  4 ghost moths
  An orc warlord (Orc:1)
  4 broodmothers
  Snorg (Lair:4)
  A spark wasp (Spider:1)
  An ettin (Orc:1)
  3 entropy weavers
  A fire dragon (Lair:5)
  A rakshasa (D:14)
  4 vault guards (D:13)
  An ice dragon (Lair:1)
  5 radroaches
  4 boulder beetles
  44 hydras
  2 catoblepae
  2 death knights
  8 centaur warriors
  A jorogumo (Spider:1)
  A two-headed ogre (Orc:2)
  Erica (D:9)
  4 orc high priests
  A deep troll earth mage (D:15)
  14 death yaks
  2 tengu warriors
  Urug (D:12)
  3 demonic crawlers
  Sonja (Lair:2)
  Nergalle (Orc:1)
  4 skeletal warriors (D:15)
  2 sun moths (Spider:3)
  4 pharaoh ants
  3 skysharks
  8 orb spiders
  A lindwurm (Lair:5)
  7 orc knights
  5 deep elf pyromancers
  2 steelbarb worms (Spider:4)
  18 wolf spiders
  6 ugly things
  A cyclops (shapeshifter) (D:15)
  3 orc sorcerers (Orc:2)
  4 cyclopes
  A manticore (D:14)
  11 black mambas
  11 elephants
  2 moths of wrath
  2 torpor snails
  2 molten gargoyles (Lair:5)
  An ice statue (IceCv)
  Joseph (D:10)
  9 cane toads
  2 unseen horrors (D:12)
  2 efreet
  2 gargoyles (D:12)
  A kobold demonologist (D:13)
  2 rime drakes
  17 komodo dragons
  A tengu conjurer (D:14)
  17 polar bears
  A queen bee (Spider:3)
  9 trolls
  10 meliai
  A meliai (shapeshifter) (D:15)
  Grinder (D:3)
  28 tarantellas
  2 slime creatures (D:13)
  34 jumping spiders
  2 shadows (D:11)
  15 culicivoras
  A spriggan (shapeshifter) (D:15)
  5 basilisks
  49 yaks
  6 wyverns
  2 vampires (D:11)
  4 wraiths
  Grum (D:11)
  3 steam dragons
  A redback simulacrum (D:15)
  37 redbacks
  Edmund (D:6)
  4 wargs
  12 vampire mosquitoes
  4 acid dragons
  4 hell hounds (Lair:5)
  26 water moccasins
  28 orc warriors
  An ice beast (D:7)
  2 sky beasts
  35 wolves
  9 ogres
  9 centaurs
  2 kobold brigands
  12 bullfrogs
  2 gnoll sergeants
  4 scorpions
  12 wights
  38 killer bees
  2 howler monkeys
  An electric eel (Lair:1)
  5 lava snakes (Lair:5)
  9 jellies
  14 orc priests
  A gnoll bouda (D:5)
  3 hounds
  16 iguanas
  Terence (D:3)
  20 orc wizards
  8 adders
  13 gnolls
  16 white imps
  2 ufetubi (D:6)
  2 worms
  6 dart slugs
  61 orcs
  7 bats
  4 endoplasms
  A giant cockroach (D:2)
  6 goblins
  8 hobgoblins
  5 jackals
  12 kobolds
  2 quokkas
  8 ball pythons
  22 frilled lizards (Lair:3)
  4 rats
953 creatures vanquished.

Vanquished Creatures (others)
  A radroach (Spider:3)
  A boggart (D:15)
  An electric eel (Lair:1)
  An orc priest (Orc:2)
  2 orc wizards
  3 kobolds (D:10)
9 creatures vanquished.

Grand Total: 962 creatures vanquished

Notes
Turn   | Place    | Note
-------+----------+-------------------------------------------
     0 | D:1      | PurpleRed the Demonspawn Warper began the quest for the
                  | Orb.
     0 | D:1      | Reached XP level 1. HP: 16/16 MP: 3/3
   282 | D:1      | Gained mutation: You regenerate a little health from kills.
                  | [demonic ancestry]
   282 | D:1      | Reached XP level 2. HP: 16/23 MP: 5/5
   953 | D:2      | Gained mutation: Your touch may inflict minor irresistible
                  | damage on your foes. [demonic ancestry]
   953 | D:2      | Reached XP level 3. HP: 29/29 MP: 6/6
  1074 | D:2      | Reached skill level 1 in Axes
  1395 | D:2      | Reached skill level 2 in Axes
  1640 | D:3      | Noticed Grinder
  1767 | D:3      | Learned a level 2 spell: Blink
  1771 | D:3      | Learned a level 3 spell: Teleport Other
  2140 | D:2      | Reached skill level 1 in Armour
  2140 | D:2      | Gained mutation: Your touch may inflict irresistible damage
                  | on your foes. [demonic ancestry]
  2140 | D:2      | Reached XP level 4. HP: 35/35 MP: 7/7
  2354 | D:3      | Paralysed by Grinder for 5 turns
  2626 | D:3      | Noticed Terence
  2642 | D:3      | Killed Terence
  2866 | D:3      | Reached skill level 3 in Axes
  2981 | D:4      | Reached XP level 5. HP: 41/41 MP: 8/8
  3283 | D:4      | Reached skill level 4 in Axes
  3321 | D:4      | Gained mutation: You are partially covered in molten
                  | scales. (AC +2) [demonic ancestry]
  3321 | D:4      | Reached XP level 6. HP: 31/47 MP: 9/9
  3485 | D:4      | Noticed a steam dragon
  3821 | D:4      | Reached skill level 5 in Axes
  4183 | D:5      | Entered Level 5 of the Dungeon
  4195 | D:5      | You fall into a shaft and drop 3 floors!
  4249 | D:8      | Reached XP level 7. HP: 25/53 MP: 10/10
  4521 | D:8      | Reached skill level 6 in Axes
  4589 | D:8      | Reached skill level 7 in Axes
  4862 | D:7      | Reached XP level 8. HP: 53/60 MP: 11/11
  4992 | D:7      | Found a staircase to the Ecumenical Temple.
  5001 | Temple   | Entered the Ecumenical Temple
  5020 | Temple   | Became a worshipper of Warmaster Okawaru
  5048 | D:7      | Identified the +0 falchion "Sittiek" {distort, rC- Str+2
                  | Dex+4}
  5635 | D:5      | Reached skill level 1 in Invocations
  5703 | D:5      | Reached skill level 8 in Axes
  6583 | D:6      | Noticed Edmund
  6583 | D:6      | Noticed a troll
  6773 | D:6      | Reached * piety under Okawaru
  6879 | D:6      | Killed Edmund
  6946 | D:6      | Killed a troll
  6947 | D:6      | Reached skill level 5 in Fighting
  6947 | D:6      | Reached XP level 9. HP: 31/68 MP: 10/12
  7132 | D:6      | Reached skill level 9 in Axes
  8395 | D:8      | Reached skill level 5 in Invocations
  8466 | D:8      | Reached ** piety under Okawaru
  8980 | D:9      | Noticed Erica
  8992 | D:9      | Killed Erica
  8993 | D:9      | Reached skill level 10 in Axes
  9122 | D:9      | Identified a scroll of acquirement
  9412 | D:9      | Gained mutation: A weak demonic guardian rushes to your
                  | aid. [demonic ancestry]
  9412 | D:9      | Reached XP level 10. HP: 63/76 MP: 10/13
  9439 | D:9      | Reached skill level 11 in Axes
  9740 | D:9      | Found a sacrificial altar of Ru.
  9740 | D:9      | Found an ornate altar of the Wu Jian Council.
 10058 | D:9      | Found a stormy altar of Qazlal.
 10061 | D:9      | Found a blossoming altar of Fedhas.
 10083 | D:9      | Reached *** piety under Okawaru
 10094 | D:9      | Found a hide-covered altar of Uskayaw.
 10099 | D:9      | Found a broken altar of Ashenzari.
 10288 | D:10     | Entered Level 10 of the Dungeon
 10386 | D:10     | Noticed edsrzf's ghost (journeyman BaHu)
 10387 | D:10     | Noticed a lich
 10388 | D:10     | Noticed a boulder beetle
 10388 | D:10     | Noticed a frost giant
 10388 | D:10     | Noticed a deep elf pyromancer
 10388 | D:10     | Noticed a necromancer
 10389 | D:10     | Noticed a skeletal warrior
 10410 | D:10     | Noticed Joseph
 10435 | D:10     | Killed Joseph
 10459 | D:10     | Found a runed translucent door.
 10512 | D:10     | Found a staircase to the Lair.
 10550 | D:10     | Found a snail-covered altar of Cheibriados.
 10810 | D:10     | Found a runed translucent door.
 10858 | D:10     | Reached **** piety under Okawaru
 10871 | D:10     | Noticed a skeletal warrior
 11699 | D:3      | Paralysed by Grinder for 2 turns
 11703 | D:3      | Killed Grinder
 12076 | D:11     | Noticed Grum
 12123 | D:11     | Killed Grum
 12124 | D:11     | Gained mutation: You regenerate health from kills. [demonic
                  | ancestry]
 12124 | D:11     | Reached XP level 11. HP: 73/87 MP: 14/16
 12191 | D:11     | Found a staircase to the Orcish Mines.
 12191 | D:11     | Noticed a white ugly thing
 12208 | D:11     | Killed a white ugly thing
 12331 | D:11     | Noticed a red ugly thing
 12343 | D:11     | Killed a brown ugly thing
 12344 | D:11     | Reached skill level 10 in Fighting
 12407 | D:11     | Reached ***** piety under Okawaru
 12830 | D:12     | Found a frozen archway.
 12835 | D:12     | Noticed Urug
 12923 | D:12     | Noticed a boulder beetle
 12943 | D:12     | Killed a boulder beetle
 13027 | IceCv    | Entered an ice cave
 13050 | IceCv    | Received a gift from Okawaru
 13173 | IceCv    | Reached skill level 12 in Axes
 13265 | IceCv    | Gained mutation: Your touch may irresistibly damage your
                  | foes and sap their willpower. [demonic ancestry]
 13265 | IceCv    | Reached XP level 12. HP: 87/102 MP: 17/17
 13382 | IceCv    | Received a gift from Okawaru
 13463 | IceCv    | Noticed a death yak
 13488 | IceCv    | Killed a death yak
 13489 | IceCv    | Reached skill level 5 in Armour
 13640 | IceCv    | Noticed a death yak
 13640 | IceCv    | Noticed a death yak
 13663 | IceCv    | Killed a death yak
 13664 | IceCv    | Killed a death yak
 13665 | IceCv    | Reached skill level 13 in Axes
 13738 | IceCv    | Noticed a frost giant
 13786 | IceCv    | Killed a frost giant
 13861 | IceCv    | Identified the ring of Femash {Fire Drain rN+++ rCorr
                  | Str-3}
 14158 | D:12     | Reached skill level 14 in Axes
 14158 | D:12     | Gained mutation: A demonic guardian rushes to your aid.
                  | [demonic ancestry]
 14158 | D:12     | Reached XP level 13. HP: 108/108 MP: 19/19
 14222 | D:12     | Killed Urug
 14413 | Lair:1   | Entered Level 1 of the Lair of Beasts
 14629 | Lair:1   | Noticed Taxman66's ghost (journeyman BaGl)
 14630 | Lair:1   | Noticed a minotaur
 14653 | Lair:1   | Reached skill level 15 in Axes
 14916 | Lair:1   | Found a runed translucent gate.
 14918 | Lair:1   | Found a runed translucent gate.
 14919 | Lair:1   | Found a runed translucent gate.
 15706 | Lair:1   | Received a gift from Okawaru
 15707 | Lair:1   | Gained mutation: You are mostly covered in molten scales.
                  | (AC +3) [demonic ancestry]
 15707 | Lair:1   | Reached XP level 14. HP: 108/115 MP: 18/20
 15811 | Lair:2   | Noticed Sonja
 15854 | Lair:2   | Killed Sonja
 15855 | Lair:2   | Reached skill level 16 in Axes
 16047 | Lair:2   | Found a hole to the Spider Nest.
 17090 | Lair:3   | Reached skill level 17 in Axes
 17295 | Lair:3   | Found a staircase to the Shoals.
 17978 | Lair:4   | Received a gift from Okawaru
 18135 | Lair:4   | Noticed Snorg
 18165 | Lair:5   | Entered Level 5 of the Lair of Beasts
 18308 | Lair:5   | Reached skill level 18 in Axes
 18325 | Lair:5   | Found a viscous altar of Jiyva.
 18325 | Lair:5   | Found a staircase to the Slime Pits.
 18424 | Lair:5   | Received a gift from Okawaru
 18520 | Lair:5   | Acquired a manual of Dodging
 18819 | Lair:5   | Received a gift from Okawaru
 19242 | Lair:5   | Gained mutation: You regenerate a lot of health from kills.
                  | [demonic ancestry]
 19242 | Lair:5   | Reached XP level 15. HP: 122/122 MP: 21/21
 19387 | Lair:5   | Found a large runed translucent door.
 19388 | Lair:5   | Found a large runed translucent door.
 19685 | Lair:5   | Reached skill level 5 in Dodging
 19871 | Lair:4   | Killed Snorg
 20472 | D:13     | Found a runed translucent door.
 20567 | D:13     | Reached skill level 19 in Axes
 21072 | D:13     | Found a gate to the Vaults.
 21302 | D:13     | Reached ****** piety under Okawaru
 21303 | D:13     | Received a gift from Okawaru
 21317 | D:13     | Received a gift from Okawaru
 21332 | D:13     | Found a runed translucent door.
 21371 | D:13     | Gained mutation: A powerful demonic guardian rushes to your
                  | aid. [demonic ancestry]
 21371 | D:13     | Reached XP level 16. HP: 133/133 MP: 22/22
 21394 | D:13     | Found a runed translucent door.
 21417 | D:13     | Received a gift from Okawaru
 21422 | D:13     | Found a runed translucent door.
 21422 | D:13     | Noticed the 27-headed Lernaean hydra
 21431 | D:13     | Acquired the +10 plate armour of Modesty {Rampage rPois
                  | Regen+ Dex-2}
 21431 | D:13     | Received a gift from Okawaru
 21803 | D:14     | Noticed Frances
 21820 | D:14     | Killed Frances
 21821 | D:14     | Reached skill level 15 in Fighting
 22505 | D:15     | Entered Level 15 of the Dungeon
 22615 | D:15     | Identified the +5 ring mail "Vyutas" {rN+ Str+2 Dex-2}
 22673 | D:15     | Received a gift from Okawaru
 22685 | D:15     | Found a flickering gateway to a bazaar.
 22691 | Bazaar   | Entered a bazaar
 22696 | Bazaar   | Found Aluyt's Weapon Emporium.
 22703 | Bazaar   | Found Suinom's General Store.
 22708 | Bazaar   | Found Ubluestro's Antique Armour Shoppe.
 22726 | Bazaar   | Bought a potion of cancellation for 128 gold pieces
 22733 | Bazaar   | Bought a heavily runed chain mail for 285 gold pieces
 22733 | Bazaar   | Identified the +4 chain mail of Purpose {rF+++ Str+2 Int+3
                  | Dex-5} (You bought it in a shop in a bazaar)
 22748 | Bazaar   | Found Xavvoot's Antique Armour Shoppe.
 22756 | Bazaar   | Bought a brightly glowing helmet for 313 gold pieces
 22756 | Bazaar   | Identified the +2 helmet "Lanticot" {Harm rElec} (You
                  | bought it in a shop in a bazaar)
 22904 | D:15     | Found a shimmering blue altar of Sif Muna.
 23283 | D:15     | Found a staircase to the Depths.
 23523 | Orc:1    | Entered Level 1 of the Orcish Mines
 23584 | Orc:2    | Entered Level 2 of the Orcish Mines
 23638 | Orc:2    | Noticed Saint Roka
 23673 | Orc:2    | Killed Saint Roka
 23714 | Orc:2    | Found a staircase to the Elven Halls.
 23769 | Orc:1    | Found an ornate altar of the Wu Jian Council.
 23778 | Orc:1    | Found a transporter.
 23788 | Orc:1    | Found a transporter.
 23807 | Orc:1    | Found a transporter.
 23821 | Orc:1    | Noticed Nergalle
 23828 | Orc:1    | Killed Nergalle
 23829 | Orc:1    | Reached skill level 10 in Armour
 23832 | Orc:1    | Found a transporter.
 23832 | Orc:1    | Found an ornate altar of the Wu Jian Council.
 24354 | Orc:2    | Received a gift from Okawaru
 24442 | Orc:2    | Found Juar's Antique Armour Shop.
 24442 | Orc:2    | Found Otosuesu's Armour Shoppe.
 24488 | Orc:2    | Found Viedd's Antique Armour Shoppe.
 24488 | Orc:2    | Found Zumaan's Book Shop.
 24733 | Spider:1 | Entered Level 1 of the Spider Nest
 24827 | Spider:1 | Received a gift from Okawaru
 24834 | Spider:1 | Reached XP level 17. HP: 127/146 MP: 21/23
 25153 | Spider:2 | Received a gift from Okawaru
 25904 | Spider:3 | Noticed Mlioglotl
 25911 | Spider:3 | Killed Mlioglotl
 25977 | Spider:3 | Received a gift from Okawaru
 25997 | Spider:3 | Noticed Donald
 26014 | Spider:3 | Killed Donald
 26574 | Spider:4 | Entered Level 4 of the Spider Nest
 26962 | Spider:4 | Received a gift from Okawaru
 27182 | Spider:4 | Gained mutation: You are weak. (Str -2) [mutagenic glow]
 27301 | Spider:4 | Slain by a wolf spider

Illustrated notes

Levels and vault maps discovered:
D:1:      ldierk_walled_garden_2, layout_basic
D:2:      layout_loops_ring
D:3:      layout_basic, uniq_grinder, uniq_terence
D:4:      layout_cave_pods
D:5:      layout_basic, feat_on_display
D:6:      layout_cave_pools, uniq_edmund
D:7:      layout_basic, minmay_temple_entry_junction,
          chequers_serial_rivers_large_b, minivault_11, minmay_holes
D:8:      layout_basic
D:9:      wander_river, layout_stronghold, nicolae_overflow_hallway_of_the_gods,
          serial_rivers, chequers_serial_rivers_small_a,
          chequers_serial_rivers_small_b, chequers_serial_rivers_room_a,
          chequers_serial_rivers_large_a, chequers_serial_rivers_room_a,
          uniq_erica
D:10:     layout_layer_cave, old_standard_altar, dpeg_oklobed_lair,
          muffindrake_ghost_dual_entry, feat_on_display, uniq_joseph
D:11:     layout_cave_pools, kennysheep_orc_monster_closet_entryway,
          kennysheep_generic_room_5, uniq_grum
D:12:     layout_cave_pools, portal_ice_cave_entry_imps, uniq_urug
D:13:     layout_cave_pools, lightli_vaults_fourway_checkpoint,
          minmay_gold_behind_fungi, nicolae_hydra_factorization
D:14:     layout_layer_cave, minmay_misc_feat_columns, nicolae_titane,
          uniq_frances
D:15:     hellmonk_depths_entry_around_the_bend, layout_stronghold,
          chequers_serial_rivers_micro_d, serial_shops, bzr_entry_safe,
          nicolae_sif_muna_condensation
Temple:   eino_narrow_crystal_temple
Lair:1:   dragon1_lemuel, layout_regular_city, maelrawn_ghost_gauntlet_escape,
          nicolae_lair_liquid_snakes
Lair:2:   layout_gridlike, dummy_spider_entry, infiniplex_staircase_pool_2,
          grunt_megastairs_1, lemuel_fruit_fields, serial_bayou_shore_a,
          uniq_sonja
Lair:3:   lemuel_reptile_caves, layout_cave_pods, minmay_shoals_entry_centaurs,
          nicolae_lair_grazing_beasts [nicolae_sub_lair_graze_edge,
          nicolae_sub_lair_graze_edge, nicolae_sub_lair_graze_edge,
          nicolae_sub_lair_graze_edge]
Lair:4:   layout_hall_layers, uniq_snorg
Lair:5:   cheibrodos_lair_end_hotspot, layout_gridlike,
          nicolae_slime_entry_slimehenge
Spider:1: layout_spider_delve
Spider:2: layout_spider_delve
Spider:3: layout_spider_delve, special_room [special_room_bee],
          hangedman_spider_tarantella_strand, nicolae_spider_cling_halls,
          uniq_donald, uniq_mlioglotl
Spider:4: grunt_spider_rune_parallel, drop_trap
Orc:1:    dreamdust_wu_jian_sword_trials, layout_diamond_mine, uniq_nergalle
Orc:2:    grunt_orc_tribal_feast, layout_caves, uniq_saint_roka

Skill      XL: |  1  2  3  4  5  6  7  8  9 10 11 12 13 14 15 16 17 |
---------------+----------------------------------------------------+-----
Fighting       | 3 4 5 6 8 12 14 16 18 | 18.3
Axes           | 2 3 4 5 7 8 10 11 12 14 15 18 19 | 19.9
Armour         | 1 2 3 4 7 8 10 12 | 12.5
Invocations    | 3 5 7 8 9 |  9.6
Dodging        | 3 8 9 |  9.6
Polearms       | |  1.7
Throwing       | |  0.8
Spellcasting   | |  2.0
Translocations | |  2.6

Action                     |  1- 3 |  4- 6 |  7- 9 | 10-12 | 13-15 | 16-18 || total
---------------------------+-------+-------+-------+-------+-------+-------++-------
  Melee: Spear             |    91 |       |       |       |       |       ||    91
         Touch             |     9 |     8 |       |       |     7 |       ||    24
         Hand axe          |     1 |    30 |       |       |       |       ||    31
         Halberd           |       |   120 |   281 |       |       |       ||   401
         Battleaxe         |       |       |    90 |   694 |  1092 |   886 ||  2762
         Demon trident     |       |       |       |       |    21 |       ||    21
         Punch             |       |       |       |       |     1 |       ||     1
   Fire: Sling             |     1 |     4 |       |       |       |       ||     5
         Orcbow            |       |       |     1 |       |       |       ||     1
  Throw: Dart              |     1 |     2 |       |     4 |     2 |       ||     9
         Stone             |     1 |     2 |       |       |       |       ||     3
         Boomerang         |       |       |     1 |       |       |       ||     1
 Invoke: Heroism           |       |       |     4 |    12 |    14 |    10 ||    40
         Finesse           |       |       |       |     3 |       |       ||     3
         Receive Armour    |       |       |       |       |       |     1 ||     1
  Evoke: Wand              |       |       |       |     1 |     2 |       ||     3
         Tin of tremorston |       |       |       |     2 |       |       ||     2
    Use: Scroll            |     5 |     8 |     7 |     2 |    11 |     2 ||    35
         Potion            |       |     1 |     4 |     4 |     2 |       ||    11
   Stab: Distracted        |       |       |       |       |     1 |       ||     1
 Armour: Leather armour    |     9 |       |       |       |       |       ||     9
         Scale mail        |    32 |       |       |       |    33 |       ||    65
         Chain mail        |     8 |   155 |   389 |   642 |   744 |    36 ||  1974
         Skin              |       |       |    14 |       |    13 |       ||    27
         Acid dragon scale |       |       |       |     5 |       |       ||     5
         Plate armour      |       |       |       |       |       |   792 ||   792
  Dodge: Dodged            |    32 |    49 |   170 |   505 |   629 |   640 ||  2025
         Repelled          |       |       |     2 |    14 |    14 |     7 ||    37

Table legend: (Time is in decaauts)
 A = Elapsed time spent in this place.
 B = Non-inter-level travel time spent in this place.
 C = Inter-level travel time spent in this place.
 D = Time resting spent in this place.
 E = Time spent auto-exploring this place.
 F = Levels seen in this place.
 G = Mean time per level.
                   A        B        C        D        E       F      G
               +--------+--------+--------+--------+--------+-----+--------+
         Total |  27044 |  25186 |   1858 |   1739 |  13322 |  29 |  932.6 |
       Dungeon |  16936 |  15576 |   1360 |   1101 |   8492 |  15 | 1129.1 |
        Temple |     34 |     20 |     14 |      0 |      0 |   1 |   34.0 |
          Lair |   5650 |   5314 |    336 |    259 |   2871 |   5 | 1130.0 |
   Spider Nest |   2440 |   2397 |     43 |    261 |   1217 |   4 |  610.0 |
  Orcish Mines |   1044 |    941 |    103 |      0 |    527 |   2 |  522.0 |
        Bazaar |     87 |     87 |      0 |      0 |      0 |   1 |   87.0 |
      Ice Cave |    851 |    851 |      0 |    117 |    215 |   1 |  851.0 |
               +--------+--------+--------+--------+--------+-----+--------+

Top non-repeatable levels by time:
     D:8: 1576 daAuts
     D:3: 1479 daAuts
     D:9: 1462 daAuts
  Lair:5: 1449 daAuts
     D:5: 1439 daAuts
     D:7: 1315 daAuts
    D:10: 1303 daAuts
  Lair:1: 1292 daAuts
     D:4: 1213 daAuts
    D:13: 1165 daAuts
  Lair:3: 1119 daAuts
    D:11: 1117 daAuts
  Lair:2: 1049 daAuts
     D:2: 947 daAuts
    D:15: 879 daAuts
